 Dungeon Crawl Stone Soup version 0.30-a0-860-g512cf1e979 (webtiles) character file.

Game seed: 17475305586163637188

10117 Ijustatesigmund the Thaumaturge (level 11, -11/61 HPs)
             Began as a Deep Elf Conjurer on Mar 7, 2023.
             Was a Believer of Vehumet.
             Mangled by a dire elephant simulacrum (14 damage)
             ... in an ice cave.
             The game lasted 00:38:35 (15415 turns).

Ijustatesigmund the Thaumaturge (DECj)             Turns: 15415, Time: 00:38:36

Health: -11/61     AC: 14    Str:  4    XL:     11   Next: 32%
Magic:  9/30       EV: 17    Int: 26    God:    Vehumet [**....]
Gold:   583        SH:  5    Dex: 13    Spells: 27/37 levels left

rFire   . . .      SeeInvis .    g - +7 morningstar (holy)
rCold   . . .      Faith    .    (no shield)
rNeg    . . .      Spirit   .    a - +1 acid dragon scales
rPois   .          Reflect  +    I - +1 hat
rElec   .          Rampage  .    f - +0 cloak {Will+}
rCorr   +                        t - +2 pair of gloves
Will    ++...                    z - +0 pair of boots
Stlth   ++                       s - amulet of reflection
HPRegen 0.30/turn                h - +5 ring of evasion
MPRegen 0.22/turn                l - ring of wizardry

@: unable to read, unable to drink
A: dopey 1, inability to drink after injury 1, inability to read after injury 1
a: Renounce Religion


You were in an ice cave.
You worshipped Vehumet.
Vehumet was pleased with you.
You visited 2 branches of the dungeon, and saw 13 of its levels.
You also visited: Gauntlet and Ice Cave.

You collected 603 gold pieces.
You spent 20 gold pieces at shops.

Inventory:

Hand Weapons
 g - a +7 morningstar of holy wrath (weapon)
 D - a +3 morningstar of freezing
Armour
 a - +1 acid dragon scales (worn)
 f - a +0 cloak of willpower (worn)
 p - a +0 kite shield
 t - a +2 pair of gloves (worn)
 z - a +0 pair of boots (worn)
 F - a +0 troll leather armour
 I - a +1 hat (worn)
Jewellery
 h - a +5 ring of evasion (left hand)
 l - a ring of wizardry (right hand)
 s - an amulet of reflection (around neck)
 x - a ring of fire
 A - a ring of flight
 G - a ring of willpower
Wands
 o - a wand of polymorph (9)
 u - a wand of digging (6)
 C - a wand of mindburst (8)
 J - a wand of iceblast (11)
Scrolls
 b - a scroll of fear
 e - 3 scrolls of teleportation
 j - 3 scrolls of blinking
 w - 3 scrolls of poison
 y - 2 scrolls of fog
Potions
 c - 4 potions of brilliance
 d - 2 potions of cancellation
 i - 5 potions of attraction
 k - 3 potions of invisibility
 m - 2 potions of might
 n - 2 potions of ambrosia
 q - 8 potions of curing
 r - a potion of lignification
 v - 2 potions of heal wounds {unknown}
 B - 2 potions of mutation {unknown}
 E - a potion of flight {unknown}
 H - 3 potions of magic
Miscellaneous
 K - a box of beasts (inert)


   Skills:
 - Level 4.2 Fighting
 - Level 2.2 Maces & Flails
 - Level 4.7 Armour
 - Level 5.1 Dodging
 - Level 2.4 Stealth
 + Level 13.5 Spellcasting
 + Level 11.3 Conjurations
 - Level 3.7 Translocations
 - Level 3.8 Ice Magic
 - Level 3.2 Evocations


You had 27 spell levels left.
You knew the following spells:

 Your Spells              Type           Power      Damage    Failure   Level
a - Magic Dart            Conj           100%       1d8       1%          1
b - Searing Ray           Conj           100%       2d8       1%          2
c - Iskenderun's Mystic   Conj/Tloc      54%        2d12      1%          4
d - Frozen Ramparts       Ice            74%        1d12      1%          3

Your spell library contained the following spells:

 Spells                   Type           Power      Damage    Failure   Level
 Kindle Blastsparks       Fire/Tloc/Air  48%        2d14      5%          3
 Freeze                   Ice            100%       1d10      1%          1
 Blink                    Tloc           74%        N/A       1%          2
 Dazzling Flash           Conj/Hex       94%        N/A       1%          3
 Gell's Gravitas          Tloc           37%        N/A       1%          3
 Hailstorm                Conj/Ice       54%        3d12      1%          3
 Mephitic Cloud           Conj/Pois/Air  37%        N/A       1%          3
 Teleport Other           Tloc           37%        N/A       1%          3
 Fulminant Prism          Conj/Hex       23%        3d12      2%          4
 Call Imp                 Summ           17%        N/A       4%          2
 Cigotuvi's Dreadful Rot  Necr/Pois/Air  34%        N/A       4%          2
 Scorch                   Fire           34%        2d7       4%          2
 Portal Projectile        Hex/Tloc       54%        N/A       4%          3
 Call Canine Familiar     Summ           17%        N/A       9%          3
 Irradiate                Conj/Tmut      23%        3d19      9%          5
 Lightning Bolt           Conj/Air       23%        1d39      9%          5
 Airstrike                Air            8%         2d(2-18)  28%         4
 Leda's Liquefaction      Hex/Erth       8%         N/A       28%         4
 Summon Lightning Spire   Summ/Air       17%        N/A       28%         4
 Summon Forest            Summ/Tloc      13%        N/A       34%         5
 Blade Hands              Tmut           8%         N/A       58%         5
 Dispersal                Tloc           18%        N/A       65%         6
 Eringya's Noxious Bog    Tmut/Pois      8%         N/A       98%         6
 Dragon Form              Tmut           8%         N/A       100%        7
 Summon Hydra             Summ           8%         N/A       100%        7


Dungeon Overview and Level Annotations

Branches:
Dungeon (12/15)            Temple (1/1) D:6            Lair (0/5) D:10
    Orc (0/2) D:9           IceCv (1/1)             Gauntlet (visited)

Altars:
Ashenzari
Cheibriados
Dithmenos
Elyvilon
Fedhas
Gozag
Hepliaklqana
Kikubaaqudgha
Makhleb
Nemelex Xobeh
Qazlal
Ru
Sif Muna
Trog
Uskayaw
Vehumet
Wu Jian
Xom
Yredelemnul
Zin
The Shining One

Shops:
D:1 ?(=   D:9 [

Portals:
Trove: D:12 (give +6 demon whip)

Annotations:
D:5 exclusion: oklob plant


Innate Abilities, Weirdness & Mutations

You are dopey. (Int -2)
You occasionally lose the ability to drink potions when taking damage.
You occasionally lose the ability to read scrolls when taking damage.


Message History

The searing ray hits the polar bear simulacrum.
The polar bear simulacrum is moderately damaged.
The searing ray hits the dire elephant simulacrum but does no damage.
The dire elephant simulacrum is moderately damaged.
The searing ray hits the polar bear simulacrum!
The polar bear simulacrum is severely damaged.
You finish channelling your searing ray.
The dire elephant simulacrum closely misses you.
The dire elephant simulacrum trunk-slaps you.
The dire elephant simulacrum freezes you!!
Casting: Searing Ray (safe; 1% risk of failure)
Confirm with . or Enter, or press ? or * to list all spells.
You erupt in a blast of force!
The mystic blast hits the polar bear simulacrum!
The polar bear simulacrum vaporises!
Vehumet accepts your kill.
You feel your power returning.
The mystic blast hits the elephant simulacrum!
The elephant simulacrum vaporises!
Vehumet accepts your kill.
You feel your power returning.
The mystic blast hits the dire elephant simulacrum!
The dire elephant simulacrum is severely damaged.
The dire elephant simulacrum misses you.
The dire elephant simulacrum closely misses you.
The dire elephant simulacrum tramples you.
You hold your ground!
The dire elephant simulacrum trunk-slaps you.
The dire elephant simulacrum freezes you!!
You feel threatened and lose the ability to read scrolls!
You feel threatened and lose the ability to drink potions!
* * * LOW HITPOINT WARNING * * *
You cannot drink potions in your current state!
Unknown command.
Okay, then.
You open the lid... ...and a larval stingshock beast leaps out!
The box is emptied!
The dire elephant simulacrum tramples you!
You die...

#########
#.......#
#...∩...#
#.......#
#.H.....#
#@Z.∩...#
##Z○...##
##...##
##.##
...#
....#
ZZ...#
Z.....#


You could see 2 dire elephant simulacra and a friendly larval stingshock beast
(summoned).

Vanquished Creatures
  A two-headed ogre (D:10)
  Pikel (D:7)
  A worldbinder (Gauntlet)
  A guardian serpent (shapeshifter) (Gauntlet)
  An unseen horror (D:7)
  Maggie (D:7)
  An ice devil (D:12)
  A red devil (D:12)
  A troll (D:9)
  A hellwing (D:12)
  2 hornets
  A golden eye (shapeshifter) (Gauntlet)
  8 yaks (D:10)
  A neqoxec (D:12)
  2 acid dragons
  3 water moccasins
  4 black bears
  2 ice beasts
  4 orc warriors
  An ogre (D:4)
  3 boggarts (Gauntlet)
  8 centaurs
  A lemure (D:7)
  A phantom (D:6)
  4 kobold brigands
  7 bullfrogs
  A gnoll sergeant (D:6)
  3 scorpions
  8 wights
  2 elephant simulacra (IceCv)
  5 howler monkeys
  A gnoll bouda (D:8)
  3 hounds
  A quasit (D:12)
  8 orc priests
  4 iguanas
  2 sleepcaps
  10 orc wizards
  A polar bear simulacrum (IceCv)
  8 gnolls
  10 adders
  4 white imps
  2 ufetubi
  3 worms
  A dart slug (D:2)
  45 orcs
  8 ball pythons
  11 endoplasms
  6 giant cockroaches
  4 goblins
  5 hobgoblins
  3 jackals (D:2)
  19 kobolds
  5 quokkas
  6 bats
  3 frilled lizards
  6 rats
  A spectral kobold (D:7)
261 creatures vanquished.

Vanquished Creatures (others)
  3 demonic plants
  48 fungi (D:10)
  40 plants (D:10)
  11 toadstools (D:5)
102 creatures vanquished.

Grand Total: 363 creatures vanquished

Notes
Turn   | Place    | Note
-------+----------+-------------------------------------------
     0 | D:1      | Ijustatesigmund the Deep Elf Conjurer began the quest for
                  | the Orb.
     0 | D:1      | Reached XP level 1. HP: 10/10 MP: 6/6
    43 | D:1      | Found Temaut's Magic Scroll Shoppe.
    58 | D:1      | Found Maosch's Weapon Shop.
    60 | D:1      | Found a faded altar of an unknown god.
   111 | D:1      | Found Luthitu's Jewellery Boutique.
   282 | D:1      | Reached XP level 2. HP: 15/15 MP: 5/8
   737 | D:1      | Bought a scroll of identify for 20 gold pieces
   774 | D:2      | Learned a level 2 spell: Searing Ray
   935 | D:2      | Reached skill level 4 in Spellcasting
  1041 | D:2      | Reached skill level 5 in Conjurations
  1041 | D:2      | Reached XP level 3. HP: 19/19 MP: 6/10
  1623 | D:3      | Reached XP level 4. HP: 24/24 MP: 6/12
  1894 | D:3      | Learned a level 4 spell: Iskenderun's Mystic Blast
  1898 | D:3      | Learned a level 3 spell: Frozen Ramparts
  1915 | D:3      | Reached skill level 5 in Spellcasting
  2120 | D:3      | Reached skill level 1 in Translocations
  2120 | D:3      | Reached XP level 5. HP: 28/28 MP: 10/14
  2209 | D:3      | Found a burning altar of Makhleb.
  2210 | D:3      | Found a glowing silver altar of Zin.
  2210 | D:3      | Noticed an angel
  2214 | D:3      | Reached skill level 1 in Ice Magic
  2232 | D:3      | Noticed a blizzard demon
  2879 | D:4      | Found a sacrificial altar of Ru.
  2912 | D:4      | Reached skill level 1 in Fighting
  2963 | D:4      | Noticed an ogre
  2969 | D:4      | Killed an ogre
  2970 | D:4      | Reached XP level 6. HP: 34/34 MP: 6/16
  3384 | D:4      | Reached skill level 6 in Spellcasting
  3655 | D:4      | Noticed an acid dragon
  3662 | D:4      | Killed an acid dragon
  3913 | D:4      | Reached XP level 7. HP: 28/40 MP: 10/18
  4174 | D:5      | Entered Level 5 of the Dungeon
  4689 | D:5      | Reached skill level 7 in Spellcasting
  5176 | D:5      | Reached XP level 8. HP: 44/44 MP: 16/21
  5235 | D:5      | Found a blossoming altar of Fedhas.
  5249 | D:5      | Noticed an oklob plant
  6234 | D:6      | Reached skill level 5 in Dodging
  6234 | D:6      | Reached skill level 8 in Spellcasting
  6274 | D:6      | Found a staircase to the Ecumenical Temple.
  6512 | Temple   | Entered the Ecumenical Temple
  7530 | D:7      | Noticed a hornet
  7536 | D:7      | Killed a hornet
  7537 | D:7      | Reached skill level 9 in Spellcasting
  7628 | D:7      | Killed an unseen horror
  7629 | D:7      | Reached XP level 9. HP: 31/52 MP: 21/24
  7869 | D:7      | Got Daloeqof's Simple Hermetics
  8142 | D:7      | Found a radiant altar of Vehumet.
  8158 | D:7      | Noticed Maggie
  8171 | D:7      | Killed Maggie
  8300 | D:7      | Reached skill level 10 in Spellcasting
  8589 | D:7      | Found a shimmering altar of Xom.
  8591 | D:7      | Found a snail-covered altar of Cheibriados.
  8735 | D:7      | Found a basalt altar of Yredelemnul.
  8735 | D:7      | Found a shadowy altar of Dithmenos.
  9009 | D:7      | Reached skill level 1 in Armour
  9242 | D:7      | Noticed Pikel
  9256 | D:7      | Killed Pikel
  9568 | D:7      | Found a hazy altar of Hepliaklqana.
  9889 | D:7      | Became a worshipper of Vehumet
 10231 | D:8      | Reached skill level 11 in Spellcasting
 11124 | D:8      | Reached XP level 10. HP: 54/57 MP: 23/27
 12087 | D:9      | Found Kehiv's Armour Shop.
 12093 | D:9      | Reached * piety under Vehumet
 12093 | D:9      | Offered knowledge of Shock by Vehumet.
 12325 | D:9      | Found a staircase to the Orcish Mines.
 12537 | D:9      | Reached skill level 1 in Evocations
 13255 | D:10     | Entered Level 10 of the Dungeon
 13936 | D:10     | Reached skill level 12 in Spellcasting
 13936 | D:10     | Reached skill level 10 in Conjurations
 13936 | D:10     | Reached ** piety under Vehumet
 13936 | D:10     | Offered knowledge of Momentum Strike by Vehumet.
 13993 | D:10     | Found a staircase to the Lair.
 14054 | D:10     | Reached skill level 1 in Maces & Flails
 14711 | D:10     | Noticed a two-headed ogre
 14724 | D:10     | Killed a two-headed ogre
 14725 | D:10     | Reached XP level 11. HP: 51/61 MP: 9/29
 14761 | D:11     | Found a gate leading to a gauntlet.
 14765 | Gauntlet | Entered a Gauntlet
 14765 | Gauntlet | Found a transporter.
 14765 | Gauntlet | Found a transporter.
 14765 | Gauntlet | Found a transporter.
 14767 | Gauntlet | Found a transporter.
 14768 | Gauntlet | Found a transporter.
 14771 | Gauntlet | Found a transporter.
 14871 | Gauntlet | Noticed a sixfirhy
 14876 | Gauntlet | Found a transporter.
 14877 | Gauntlet | Found a transporter.
 14878 | Gauntlet | Found a transporter.
 14880 | Gauntlet | Found a transporter.
 14882 | Gauntlet | Noticed a wolf spider
 14882 | Gauntlet | Noticed a green death
 14976 | Gauntlet | Noticed an ironbound thunderhulk
 14979 | Gauntlet | Reached skill level 13 in Spellcasting
 15047 | Gauntlet | Noticed a stone giant
 15047 | Gauntlet | a stone giant changed into a dire elephant
 15047 | Gauntlet | Noticed a dire elephant (glowing shapeshifter)
 15047 | Gauntlet | Noticed a six-headed hydra
 15059 | Gauntlet | Found a transporter.
 15059 | Gauntlet | a dire elephant changed into a fenstrider witch
 15059 | Gauntlet | Noticed a fenstrider witch (glowing shapeshifter)
 15062 | Gauntlet | a fenstrider witch changed into a death yak
 15062 | Gauntlet | Noticed a death yak (glowing shapeshifter)
 15065 | Gauntlet | a death yak changed into a storm dragon
 15065 | Gauntlet | Noticed a storm dragon (glowing shapeshifter)
 15068 | Gauntlet | a storm dragon changed into a death yak
 15068 | Gauntlet | Noticed a death yak (glowing shapeshifter)
 15068 | Gauntlet | Found a transporter.
 15077 | Gauntlet | Noticed a minotaur
 15221 | D:12     | Gained mutation: You are dopey. (Int -2) [a neqoxec]
 15225 | D:12     | Gained mutation: You occasionally lose the ability to drink
                  | potions when taking damage. [a neqoxec]
 15228 | D:12     | Gained mutation: You occasionally lose the ability to read
                  | scrolls when taking damage. [a neqoxec]
 15268 | D:12     | Found a portal to a secret trove of treasure.
 15362 | D:12     | Offered knowledge of Kindle Blastsparks by Vehumet.
 15391 | D:12     | Found a frozen archway.
 15400 | IceCv    | Entered an ice cave
 15414 | IceCv    | HP: 2/61 [dire elephant simulacrum (28)]
 15415 | IceCv    | Mangled by a dire elephant simulacrum

Illustrated notes

Levels and vault maps discovered:
D:1:      dpeg_arrival_windows_large_door, layout_rooms,
          chequers_ecumenical_altar_simple_redux, serial_shops,
          nicolae_shop_behind_doors, nicolae_shop_waterfront,
          nicolae_shop_bloodbath_and_beyond
D:2:      layout_basic
D:3:      layout_basic, grunt_temple_overflow_order_and_chaos_2,
          kennysheep_generic_room_15
D:4:      wad_pebble_path, layout_basic, nicolae_ru_great_annihilating_truth,
          kennysheep_dice
D:5:      layout_loops_ring, tgw_fedhas, minmay_holes
D:6:      layout_gridville, minmay_temple_entry_statues_fountains,
          chequers_hall_statues_wall_a
D:7:      layout_layer_cave, nicolae_hepliaklqana_monster_ancestors,
          fiery_altar_vehumet, chequers_temple_overflow_statue_of_worship,
          jmf_multi_god_temple, uniq_pikel, uniq_maggie
D:8:      layout_loops_ring, chequers_arboretum, minmay_misc_feat_plants,
          minmay_checkerbox
D:9:      layout_rooms, orc_david_3, centaur_isle
D:10:     layout_loops_corners, mainiacjoe_overflow_cross_hatched,
          due_lair_maze_entry_diamond, onia_ninara_cookie
D:11:     layout_layer_cave, gauntlet_entry_generic, uniq_grum
D:12:     layout_loops_corners, portal_ice_cave_entry_pillars_2, serial_demonic,
          serial_demonic_c, serial_demonic_d, serial_demonic_b,
          serial_demonic_g, serial_demonic_c, serial_demonic_f,
          nicolae_trove_entry_isolated
Temple:   jpeg_temple_clearing
IceCv:    ice_cave_statue_garden_chambered

Skill      XL: |  1  2  3  4  5  6  7  8  9 10 11 |
---------------+----------------------------------+-----
Spellcasting   | 4 5 6 7 9 11 12 13 | 13.5
Conjurations   | 5 7 9 10 11 | 11.3
Translocations | 1 2 3 |  3.7
Ice Magic      | 2 3 |  3.8
Fighting       | 1 2 3 4 |  4.2
Dodging        | 4 5 |  5.1
Armour         | 3 4 |  4.7
Evocations     | 3 |  3.2
Maces & Flails | 2 |  2.2
Stealth        | |  2.4

Action                     |  1- 3 |  4- 6 |  7- 9 | 10-12 || total
---------------------------+-------+-------+-------+-------++-------
  Melee: Short sword       |       |     5 |     8 |       ||    13
         Punch             |       |     1 |       |       ||     1
         Morningstar       |       |       |     2 |    55 ||    57
   Cast: Magic Dart        |    74 |   124 |   163 |    22 ||   383
         Searing Ray       |       |     9 |    43 |    12 ||    64
         Iskenderun's Myst |       |       |    18 |    59 ||    77
         Frozen Ramparts   |       |       |     9 |    15 ||    24
  Evoke: Wand              |       |       |       |    18 ||    18
         Box of beasts     |       |       |       |     1 ||     1
    Use: Scroll            |     2 |     9 |    12 |     3 ||    26
         Potion            |       |     2 |     1 |     2 ||     5
   Stab: Sleeping          |       |       |     1 |       ||     1
 Armour: Robe              |       |     4 |     7 |       ||    11
         Acid dragon scale |       |       |     5 |    49 ||    54
  Dodge: Dodged            |     5 |     9 |    70 |   130 ||   214
  Block: Other             |       |     4 |    21 |    46 ||    71
         Reflection        |       |     1 |     1 |    10 ||    12

Table legend: (Time is in decaauts)
 A = Elapsed time spent in this place.
 B = Non-inter-level travel time spent in this place.
 C = Inter-level travel time spent in this place.
 D = Time resting spent in this place.
 E = Time spent auto-exploring this place.
 F = Levels seen in this place.
 G = Mean time per level.
                   A        B        C        D        E       F      G
               +--------+--------+--------+--------+--------+-----+--------+
         Total |  15454 |  15010 |    444 |   5020 |   8101 |  15 | 1030.3 |
       Dungeon |  15028 |  14597 |    431 |   4837 |   8037 |  12 | 1252.3 |
        Temple |     88 |     75 |     13 |      0 |     64 |   1 |   88.0 |
      Ice Cave |     14 |     14 |      0 |      0 |      0 |   1 |   14.0 |
      Gauntlet |    322 |    322 |      0 |    183 |      0 |   1 |  322.0 |
               +--------+--------+--------+--------+--------+-----+--------+

Top non-repeatable levels by time:
     D:7: 2631 daAuts
     D:9: 2223 daAuts
     D:6: 1677 daAuts
     D:5: 1542 daAuts
     D:4: 1319 daAuts
     D:8: 1263 daAuts
     D:3: 1261 daAuts
    D:10: 1173 daAuts
     D:2: 825 daAuts
     D:1: 768 daAuts
Gauntlet: 322 daAuts
    D:12: 191 daAuts
    D:11: 150 daAuts
  Temple: 88 daAuts
   IceCv: 14 daAuts
